 Dungeon Crawl Stone Soup version 0.31-a0-988-g08d55dae12 (webtiles) character file.

Game seed: 18002028242135798823

2 Azuregosa the Sneak (level 1, -4/16 HPs)
             Began as an Octopode Delver on Nov 5, 2023.
             Slain by a goblin
             ... wielding a +0 club
              (5 damage)
             ... on level 4 of the Dungeon.
             The game lasted 00:01:51 (168 turns).

Azuregosa the Sneak (Octopode Delver)                Turns: 168, Time: 00:01:52

Health: -4/16      AC:  1    Str: 11    XL:     1   Next: 30%
Magic:  1/1        EV: 13    Int: 12    God:
Gold:   0          SH:  0    Dex: 13    Spells: 0/0 levels left

rFire   . . .        c - +0 morningstar
rCold   . . .        (no shield)
rNeg    . . .        (helmet restricted)
rPois   .            (no amulet)
rElec   .            (no ring)
rCorr   .            (no ring)
SInv    .            (no ring)
Will    .....        (no ring)
Stlth   ++++         (no ring)
HPRegen 0.22/turn    (no ring)
MPRegen 0.07/turn    (no ring)
                     (no ring)

%: no passive effects
@: no status effects
A: almost no armour, amphibious, 8 rings, camouflage 1, gelatinous body 1,
(nimble swimmer 1), tentacles
a: no special abilities


You were on level 4 of the Dungeon.
You visited 1 branch of the dungeon, and saw 3 of its levels.

Inventory:

Hand Weapons
 a - a +0 spear
 c - a +0 morningstar (weapon)
Missiles
 g - 10 stones
Wands
 f - a wand of digging (3)
Scrolls
 b - a scroll of fog
Potions
 e - a potion of haste
 h - a potion of resistance {unknown}
 i - a potion of berserk rage {unknown}


   Skills:
 - Level 3.0 Fighting
 - Level 2.0 Polearms
 - Level 2.0 Dodging
 + Level 6.7 Stealth


You couldn't memorise any spells.
You didn't know any spells.
Your spell library contained the following spells:

 Spells                   Type           Power      Damage    Failure   Level
 Sting                    Tmut/Pois      0%         1d3       32%         1
 Poisonous Vapours        Pois/Air       0%         N/A       45%         2
 Anguish                  Hex/Necr       0%         N/A       97%         4
 Cause Fear               Hex            0%         N/A       97%         4
 Olgreb's Toxic Radiance  Pois           0%         N/A       97%         4
 Enfeeble                 Hex            0%         N/A       100%        7


Dungeon Overview and Level Annotations

Branches:
Dungeon (6/15)
 Temple: D:4-7

Altars:


Innate Abilities, Weirdness & Mutations

You cannot wear most types of armour.
You are amphibious.
You can wear up to eight rings at the same time.
Your skin changes colour to match your surroundings (Stealth+).
Your rubbery body absorbs attacks. (AC +1, EV +1)
((You are camouflaged when in or above water. (Stealth+)))
You have tentacles for arms and can constrict up to eight enemies at once.


Message History

There is a stone staircase leading down here.
The orc shouts! x4; You hear a shout!
You closely miss the orc. Your grab misses the orc.
The orc hits you with a +0 club.
You closely miss the orc. You grab the orc. You constrict the orc.
The orc hits you with a +0 club. The orc closely misses you.
The orc completely misses you. The orc barely misses you.
The orc hits you with a +0 club. x2; The orc closely misses you.
The orc hits you with a +0 club.
* * * LOW HITPOINT WARNING * * *
As you read the scroll of fear, it crumbles to dust.
You assume a fearsome visage.
The orc looks frightened! x4
You constrict the orc.
The orc struggles to escape constriction.
You release your grip on the orc.
A goblin comes into view. It is wielding a +0 club.
Cornered, the orc turns to fight!
You open the door.
There is an open door here.
You close the door.
An orc breaks down the door.
You open the door.
An adder comes into view.
You close the door.
You closely miss the orc. You grab the orc. You constrict the orc.
The orc hits you with a +0 whip.
* * * LOW HITPOINT WARNING * * *
The orc hits you with a +0 whip.
* * * LOW HITPOINT WARNING * * *
You hit the orc but do no damage.
The orc is lightly wounded.
You constrict the orc. The orc closely misses you.
You hit the orc.
You kill the orc!
You closely miss the goblin. Your grab misses the goblin.
The goblin hits you with a +0 club.
* * * LOW HITPOINT WARNING * * *
You closely miss the goblin. Your grab misses the goblin.
The goblin hits you with a +0 club.
You die...

## +. ##.#+#
S...# ...##+##
..#...#
#+#...#+# ###
#@g.....# +.##
###...#####..#
+...'......###
##########...##
#.....##
#.......
#>....##
##o..## ##o##


You could see a goblin.

Vanquished Creatures
  An orc (D:4)
1 creature vanquished.

Notes
Turn   | Place    | Note
-------+----------+-------------------------------------------
     0 | D:5      | Azuregosa the Octopode Delver began the quest for the Orb.
     0 | D:5      | Reached XP level 1. HP: 16/16 MP: 1/1
    39 | D:6      | Noticed a centaur
    74 | D:6      | Noticed a hound
   100 | D:5      | Noticed an ice beast
   121 | D:5      | Noticed an iguana
   138 | D:5      | Noticed an iguana
   168 | D:4      | Slain by a goblin

Illustrated notes

Levels and vault maps discovered:
D:4:      nicolae_cairo_tiling_large, layout_loops_corners, temple_statues
D:5:      layout_basic
D:6:      layout_loops_corners, mainiacjoe_overflow_alcove_2,
          gammafunk_ghost_split, grunt_ministairs_10, guppyfry_shop_venom,
          uniq_edmund, uniq_maggie, uniq_duvessa

Action                     || total
---------------------------++-------
  Melee: Morningstar       ||     7
         Constrict         ||     2
    Use: Scroll            ||     2
 Armour: Skin              ||     9
  Dodge: Dodged            ||     5

Table legend: (Time is in decaauts)
 A = Elapsed time spent in this place.
 B = Non-inter-level travel time spent in this place.
 C = Inter-level travel time spent in this place.
 D = Time resting spent in this place.
 E = Time spent auto-exploring this place.
 F = Levels seen in this place.
 G = Mean time per level.
                   A        B        C        D        E       F      G
               +--------+--------+--------+--------+--------+-----+--------+
         Total |    170 |    170 |      0 |      0 |      4 |   3 |   56.7 |
       Dungeon |    170 |    170 |      0 |      0 |      4 |   3 |   56.7 |
               +--------+--------+--------+--------+--------+-----+--------+

Top non-repeatable levels by time:
     D:5: 135 daAuts
     D:4: 30 daAuts
     D:6: 5 daAuts
